 Dungeon Crawl Stone Soup version 0.16.0-17-g811c1d7 (webtiles) character file.

173 Chiseanne the Magician (level 5, 0/35 HPs)
             Began as a Demonspawn Wizard on Mar 22, 2015.
             Was an Initiate of Vehumet.
             Slain by a worker ant (5 damage)
             ... on level 4 of the Dungeon.
             The game lasted 00:09:56 (3967 turns).

Chiseanne the Magician (Demonspawn Wizard)          Turns: 3967, Time: 00:09:56

Health: 0/35       AC:  4    Str:  8    XL:     5   Next: 28%
Magic:  1/13       EV: 11    Int: 20    God:    Vehumet [......]
Gold:   162        SH:  0    Dex: 11    Spells: 4 memorised, 3 levels left

rFire  + . .     SeeInvis .     a - +1 rapier (freeze)
rCold  . . .     Clarity  .     g - +0 leather armour {rF+}
rNeg   . . .     SustAb   .     (no shield)
rPois  .         Gourm    .     b - +0 hat
rElec  .         Spirit   .     (no cloak)
rCorr  .         Warding  .     u - +0 pair of gloves
rMut   +         Stasis   .     (no boots)
MR     .....                    n - amulet of resist mutation
Stlth  +.........               (no ring)
                                (no ring)

@: lethally poisoned (0 -> -10), very slightly contaminated, not resistant to
hostile enchantments, very unstealthy
A: horns 1, powered by death 1
a: Renounce Religion


You were on level 4 of the Dungeon.
You worshipped Vehumet.
Vehumet was noncommittal.
You were not hungry.

You visited 2 branches of the dungeon, and saw 5 of its levels.

You collected 162 gold pieces.

Inventory:

Hand weapons
 a - a +1 rapier of freezing (weapon)
 d - a +0 vampiric whip
 s - a +0 hand axe of freezing
Missiles
 e - 19 poisoned needles
Armour
 b - a +0 hat (worn)
 g - a +0 leather armour of fire resistance (worn)
 u - a +0 pair of gloves (worn)
Jewellery
 n - an amulet of resist mutation (around neck)
 t - an uncursed ring of fire
Magical devices
 k - a wand of frost (25)
Scrolls
 f - a scroll of amnesia
 h - 3 scrolls of identify
 l - a scroll of remove curse
 m - a scroll of teleportation
Potions
 j - 2 potions of brilliance
 p - a potion of heal wounds
 r - a potion of berserk rage
Books
 c - a book of Minor Magic

   Spells                             Type                      Level
   a - Magic Dart                     Conjuration                  1
   b - Blink                          Translocation                2
   c - Call Imp                       Summoning                    2
   d - Repel Missiles                 Charms/Air                   2
   e - Slow                           Hexes                        2
   f - Conjure Flame                  Conjuration/Fire             3
   g - Mephitic Cloud                 Conjuration/Poison/Air       3
Comestibles
 i - 3 bread rations
 o - a slice of pizza
 q - a meat ration


   Skills:
 * Level 2.1 Armour
 - Level 1.7 Dodging
 - Level 1.7 Stealth
 * Level 4.3 Spellcasting
 * Level 3.0 Conjurations
   Level 1.0 Summonings
   Level 0.8 Translocations


You had 3 spell levels left.
You knew the following spells:

 Your Spells              Type           Power        Failure   Level  Hunger
a - Magic Dart            Conj           ###.         6%          1    None
b - Repel Missiles        Chrm/Air       #.....       28%         2    #......
c - Conjure Flame         Conj/Fire      ##......     30%         3    ###....
d - Mephitic Cloud        Conj/Pois/Air  #.......     34%         3    ###....


Dungeon Overview and Level Annotations

Branches:
Dungeon (4/15)             Temple (1/1) D:4

Altars:
Cheibriados
Elyvilon
Gozag
Kikubaaqudgha
Nemelex Xobeh
Qazlal
Ru
Vehumet
The Shining One


Innate Abilities, Weirdness & Mutations

You have a pair of small horns on your head.
You can steal the life force of nearby defeated enemies.


Message History

Aiming: Magic Dart
Press: ? - help, Shift-Dir - straight line, f/p - worker ant
Aim: a worker ant (almost dead)
The magic dart hits the worker ant.
The worker ant is almost dead.
You feel sick. The worker ant bites you.
* * * LOW HITPOINT WARNING * * *
Casting: Magic Dart
Confirm with . or Enter, or press ? or * to list all spells.
You don't have enough magic to cast that spell.
Casting: Magic Dart
Confirm with . or Enter, or press ? or * to list all spells.
You don't have enough magic to cast that spell.
You hit the worker ant but do no damage.
The worker ant is almost dead.
The worker ant bites you.
* * * LOW HITPOINT WARNING * * *
You are lethally poisoned!
The worker ant poisons you! The worker ant bites you.
You die...

##...## #.# ##.....##
####.# ##...†...##
##.##(#
#.........####...(.###
+....P.P..'...........
#.....>...####....####
##...P.P.## ##.#.#
##......# ###.#
##.@.### #.# ##a## #.#
#.# #.# #.# #.# ...
#.# ... #.# ... ?....
#.#


You could see a worker ant.

Vanquished Creatures
  An orc priest (D:2)
  An orc wizard (D:3)
  A worker ant (D:4)
  5 adders
  5 giant geckos
  5 orcs (D:3)
  6 bats
  2 giant cockroaches
  9 goblins
  8 hobgoblins
  3 jackals (D:2)
  9 kobolds
  A quokka (D:3)
  4 giant newts
  11 rats
71 creatures vanquished.

Notes
Turn   | Place    | Note
--------------------------------------------------------------
     0 | D:1      | Chiseanne, the Demonspawn Wizard, began the quest for the Orb.
     0 | D:1      | Reached XP level 1. HP: 13/13 MP: 4/4
   815 | D:1      | Gained mutation: You can steal the life force of nearby defeated enemies. [demonic ancestry]
   815 | D:1      | Reached XP level 2. HP: 19/19 MP: 4/6
  1388 | D:2      | Found an ancient bone altar of Kikubaaqudgha.
  1614 | D:2      | Reached skill level 1 in Armour
  1614 | D:2      | Reached XP level 3. HP: 24/24 MP: 1/8
  1681 | D:2      | Learned a level 2 spell: Repel Missiles
  1685 | D:2      | Learned a level 3 spell: Conjure Flame
  1689 | D:2      | Learned a level 3 spell: Mephitic Cloud
  1975 | D:2      | Found a sparkling altar of Nemelex Xobeh.
  2404 | D:2      | Reached skill level 4 in Spellcasting
  2404 | D:2      | Reached XP level 4. HP: 3/30 MP: 1/11
  2969 | D:3      | Found a white marble altar of Elyvilon.
  3164 | D:3      | Gained mutation: You have a pair of small horns on your head. [demonic ancestry]
  3164 | D:3      | Reached XP level 5. HP: 35/35 MP: 11/13
  3908 | D:4      | Found a staircase to the Ecumenical Temple.
  3927 | Temple   | Entered the Ecumenical Temple
  3938 | Temple   | Became a worshipper of Vehumet
  3967 | D:4      | Slain by a worker ant

Action                   |  1- 3 |  4- 6 || total
-------------------------+-------+-------++-------
Melee: Unarmed           |     5 |       ||     5
       Club              |     4 |       ||     4
       Short sword       |    20 |    11 ||    31
       Hand axe          |       |     5 ||     5
       Rapier            |       |    17 ||    17
 Cast: Magic Dart        |    98 |    89 ||   187
       Repel Missiles    |     1 |       ||     1
  Use: Scroll            |       |    10 ||    10
  Eat: Chunk             |     4 |     5 ||     9
